 Seeded DCSS version 0.28.0 (webtiles) character file.

Game seed: 10379525442082979767 (custom seed)

67 hikkokomori the Sneak (level 4, -4/38 HPs)
             Began as a Formicid Delver on Feb 16, 2022.
             Slain by an orc wizard (6 damage)
             ... on level 5 of the Dungeon.
             The game lasted 00:00:58 (292 turns).

hikkokomori the Sneak (Formicid Delver)              Turns: 292, Time: 00:00:58

Health: -4/38      AC:  3    Str: 18    XL:     4   Next: 38%
Magic:  4/4        EV: 11    Int: 10    God:
Gold:   0          SH:  0    Dex: 12    Spells: 3/3 levels left

rFire   . . .      SeeInvis +   a - +0 hand axe
rCold   . . .      Faith    .   (no shield)
rNeg    . . .      Spirit   .   b - +0 leather armour
rPois   .          Reflect  .   (helmet unavailable)
rElec   .          Harm     .   (no cloak)
rCorr   .          Rampage  .   (no gloves)
Will    .....                   (no boots)
Stlth   +++.......              (no amulet)
HPRegen 0.12/turn               (no ring)
MPRegen 0.09/turn               (no ring)

@: no status effects
A: permanent stasis, dig shafts and tunnels, antennae 3, four strong arms
a: Dig, Shaft Self


You were on level 5 of the Dungeon.
You visited 1 branch of the dungeon, and saw 1 of its levels.

Inventory:

Hand Weapons
 a - a +0 hand axe (weapon)
Armour
 b - a +0 leather armour (worn)
 g - a +0 chain mail
Wands
 f - a wand of digging (3)
Scrolls
 c - a scroll of fog
 d - a scroll of magic mapping
 e - a scroll of fear
 h - a scroll of teleportation {unknown}
Potions
 i - 2 potions of resistance {unknown}


   Skills:
 + Level 4.4 Fighting
 + Level 3.3 Axes
 - Level 1.7 Dodging
 - Level 6.0 Stealth


You had 3 spell levels left.
You didn't know any spells.
Your spell library was empty.

Dungeon Overview and Level Annotations

Branches:
Dungeon (5/15)
 Temple: D:4-7

Altars:


Innate Abilities, Weirdness & Mutations

You cannot be hasted, slowed, berserked, paralysed or teleported.
You can dig through walls and to a lower floor.
You have a pair of large antennae on your head. (SInv)
Your four strong arms can wield two-handed weapons with a shield.


Message History

You hit the orc.
You kill the orc!
You hit the orc. The orc wizard barely misses you.
The orc hits you with a +0 flail.
Unknown command.
The orc wizard closely misses you. The orc hits you with a +0 flail!
You see here a +0 hand axe.
You hit the orc wizard but do no damage.
You hit the orc.
You kill the orc!
The orc wizard gestures at you while chanting.
The magic dart hits you! The orc wizard closely misses you.
Unknown command.
You completely miss the orc wizard. The orc wizard closely misses you.
Unknown command.
You hit the orc wizard but do no damage.
The orc wizard closely misses you.
You miss the orc wizard.
The orc wizard hits you with a +0 halberd!
* * * LOW HITPOINT WARNING * * *
You barely miss the orc wizard. The orc wizard barely misses you.
You hit the orc wizard.
The orc wizard is moderately wounded.
The orc wizard closely misses you.
You barely miss the orc wizard.
The orc wizard is moderately wounded.
The orc wizard gestures at you while chanting.
The magic dart hits you.
* * * LOW HITPOINT WARNING * * *
Okay, then.
You barely miss the orc wizard.
The orc wizard is moderately wounded.
The orc wizard closely misses you.
You hit the orc wizard.
The orc wizard is heavily wounded.
The orc wizard closely misses you.
You barely miss the orc wizard.
The orc wizard is heavily wounded.
The orc wizard hits you with a +0 halberd.
You die...

.......................
.....###..............
.##.........##......... .
.......[...#.#...........
.........###.............
...........#.............
.##..#...........###..# #
#.....o##...#....#
##.....@).......##
####..)).#..####
##..#.#### ######


You could see an orc wizard (invisible).

Vanquished Creatures
  A centaur zombie (D:5)
  An orc priest (D:5)
  3 orcs (D:5)
5 creatures vanquished.

Notes
Turn   | Place    | Note
-------+----------+-------------------------------------------
     0 | D:5      | hikkokomori the Formicid Delver began the quest for the
                  | Orb.
     0 | D:5      | Reached XP level 1. HP: 18/18 MP: 1/1
    36 | D:5      | Reached XP level 2. HP: 8/25 MP: 2/2
    36 | D:5      | Reached XP level 3. HP: 10/30 MP: 3/3
   280 | D:5      | Reached XP level 4. HP: 38/38 MP: 4/4
   292 | D:5      | Slain by an orc wizard

Illustrated notes

Levels and vault maps discovered:
D:5:      layout_cave_pools, corexii_corridor_pit, minmay_lizard_king,
          uniq_eustachio, uniq_ijyb, uniq_duvessa, uniq_prince_ribbit1

Skill      XL: |  1  2  3 |
---------------+----------+-----
Fighting       | 4 |  4.4
Axes           | 3 |  3.3
Dodging        | |  1.7
Stealth        | |  6.0

Action                   |  1- 3 |  4- 6 || total
-------------------------+-------+-------++-------
Melee: Hand axe          |    19 |    12 ||    31
       Punch             |     2 |       ||     2
Armor: Chain mail        |    18 |       ||    18
       Leather armour    |     2 |       ||     2
Dodge: Dodged            |    16 |    12 ||    28
